 Dungeon Crawl Stone Soup version 0.29-a0-648-g6b26cc9f40 (webtiles) character file.

Game seed: 7922097540501500985

264 Vylera the Cudgeller (level 6, -2/40 HPs)
             Began as a Djinni Wanderer on June 21, 2022.
             Was a Follower of the Shining One.
             Slain by a gnoll
             ... wielding a +4 spear
              (4 damage)
             ... on level 2 of the Dungeon.
             The game lasted 00:04:38 (4358 turns).

Vylera the Cudgeller (Djinni Wanderer)              Turns: 4358, Time: 00:04:38

Health: -2/40      AC:  4    Str:  8    XL:     6   Next: 43%
Gold:   162        EV: 13    Int: 13    God:    the Shining One [*.....] SH:  0 Dex: 18

rFire   + + .      SeeInvis .   b - +0 quarterstaff
rCold   x . .      Faith    .   (shield currently unavailable)
rNeg    . . .      Spirit   .   e - +0 robe
rPois   ∞          Reflect  .   (no helmet)
rElec   .          Harm     .   c - +0 cloak
rCorr   .          Rampage  .   h - +0 pair of gloves
Will    .....                   (boots unavailable)
Stlth   +.........              (no amulet)
HPRegen 0.13/turn               (no ring)
MPRegen 0.00/turn               (no ring)

@: flying, glowing
A: sickness immunity, fire resistance 2, cold vulnerability 1, float, innate
caster, HP casting, extra vitality 1
a: Renounce Religion, Divine Shield


You were on level 2 of the Dungeon.
You worshipped the Shining One.
The Shining One was aware of your devotion.
You visited 1 branch of the dungeon, and saw 3 of its levels.

You collected 162 gold pieces.

Inventory:

Hand Weapons
 a - a +0 flail
 b - a +0 quarterstaff (weapon)
Armour
 c - a +0 cloak (worn)
 e - a +0 robe (worn)
 h - a +0 pair of gloves (worn)
Jewellery
 o - a ring of wizardry
Scrolls
 f - a scroll of poison {unknown}
 j - a scroll of identify {unknown}
 k - a scroll of immolation {unknown}
 l - a scroll of torment {unknown}
 m - a scroll of magic mapping {unknown}
 n - 2 scrolls of vulnerability {unknown}
Potions
 d - 3 potions of curing
 g - 3 potions of mutation {unknown}
 i - a potion of lignification {unknown}
 p - a potion of degeneration {unknown}


   Skills:
 - Level 4.1(4.4) Maces & Flails
 + Level 2.6(4.0) Staves
 - Level 3.2 Dodging
 * Level 2.8 Spellcasting
 + Level 1.9 Invocations
 - Level 2.5 Evocations


You had 7 spell levels left.
You knew the following spells:

 Your Spells              Type           Power      Damage    Failure   Level
a - Beastly Appendage     Tmut           18%        N/A       8%          1
b - Ensorcelled Hibernat  Hex/Ice        18%        N/A       11%         2
Your spell library was empty.

Dungeon Overview and Level Annotations

Branches:
Dungeon (3/15)

Altars:
Okawaru
Zin
The Shining One


Innate Abilities, Weirdness & Mutations

You are immune to sickness and miasma.
You are immune to poison.
Your flesh is very heat resistant. (rF++)
You are vulnerable to cold. (rC-)
You float through the air rather than walking.
You learn spells naturally, not from books.
Your magical power is your life essence.
You have superior vitality. (+4 MHP)


Message History

HP restored.
You fly downwards.
The gnoll hits you from afar with a +4 spear.
The gnoll hits you from afar with a +4 spear!
The gnoll barely misses you.
There is a stone staircase leading up here.
The gnoll barely misses you. The gnoll closely misses you.
You fly upwards.
There is a stone staircase leading down here.
You start resting.
HP restored.
You fly downwards.
The gnoll hits you from afar with a +4 spear!
The gnoll hits you from afar with a +0 spear.
There is a stone staircase leading up here.
The gnoll completely misses you. The gnoll closely misses you.
You fly upwards.
There is a stone staircase leading down here.
You start resting.
HP restored.
You fly downwards.
The gnoll hits you with a +4 spear.
The gnoll barely misses you. x2; The gnoll hits you with a +0 spear.
There is a stone staircase leading up here.
The gnoll hits you with a +4 spear! The gnoll hits you with a +0 spear.
You fly upwards.
There is a stone staircase leading down here.
You barely miss the gnoll. The gnoll barely misses you.
The gnoll hits you with a +4 spear.
You barely miss the gnoll. The gnoll hits you with a +0 spear.
The gnoll hits you with a +4 spear.
* * * LOW HITPOINT WARNING * * *
You hit the gnoll.
The gnoll is moderately wounded.
The gnoll barely misses you. The gnoll misses you.
You hit the gnoll but do no damage.
The gnoll is moderately wounded.
The gnoll hits you with a +0 spear.
* * * LOW HITPOINT WARNING * * *
The gnoll hits you with a +4 spear.
You die...

#.......# #.#####.####
#.# #..#.# #.# #..#.#
#.# #†)#.# ##'#####..#.#
#.........#.#
#.g.......#.#######
#g@......^.........
#.........#<#######
#..................
####.......#.#######
#.##.##.#.....######
#.##.##.#..#.......#
#.##.##.#..#.####... ###
#.......#.....# #...
###.######.##'####..#.##
#...


You could see 2 gnolls.

Vanquished Creatures
  A black bear (D:3)
  Jessica (D:2)
  An iguana (D:3)
  A gnoll (D:2)
  4 adders
  2 worms
  2 dart slugs
  4 orcs (D:3)
  A bat (D:2)
  5 endoplasms
  2 giant cockroaches
  4 goblins
  5 hobgoblins
  12 jackals
  3 quokkas
  A ball python (D:1)
  2 frilled lizards (D:3)
  4 kobolds
  5 rats
60 creatures vanquished.

Notes
Turn   | Place    | Note
-------+----------+-------------------------------------------
     0 | D:1      | Vylera the Djinni Wanderer began the quest for the Orb.
     0 | D:1      | Vylera set off with the following items: a +0 flail, a +0
                  | quarterstaff, a +0 cloak, a potion of curing, a +0 robe.
     0 | D:1      | Reached XP level 1. HP: 15/15 MP: 0/0
   154 | D:1      | Reached XP level 2. HP: 15/21 MP: 0/0
  1162 | D:2      | Noticed Jessica
  1172 | D:2      | Killed Jessica
  1173 | D:2      | Reached skill level 1 in Spellcasting
  1173 | D:2      | Reached XP level 3. HP: 5/25 MP: 0/0
  1173 | D:2      | Learned a level 1 spell: Beastly Appendage
  1466 | D:2      | Reached XP level 4. HP: 22/31 MP: 0/0
  1569 | D:2      | Found a faded altar of an unknown god.
  1598 | D:2      | Noticed a great orb of eyes
  1602 | D:2      | Noticed a golden eye
  1602 | D:2      | Noticed a great orb of eyes
  1602 | D:2      | Noticed a floating eye
  1608 | D:2      | Prayed at the altar of an unknown god.
  1608 | D:2      | Became a worshipper of the Shining One
  1608 | D:2      | Reached * piety under the Shining One
  2178 | D:2      | Found an iron altar of Okawaru.
  2450 | D:3      | Reached XP level 5. HP: 27/35 MP: 0/0
  2450 | D:3      | Learned a level 2 spell: Ensorcelled Hibernation
  2916 | D:3      | Reached skill level 1 in Invocations
  3239 | D:3      | Noticed a black bear
  3274 | D:3      | Killed a black bear
  3275 | D:3      | Reached XP level 6. HP: 5/40 MP: 0/0
  3577 | D:3      | Found a glowing silver altar of Zin.
  4358 | D:2      | HP: 2/40 [gnoll/+0 spear (5)]
  4358 | D:2      | Slain by a gnoll

Illustrated notes

Levels and vault maps discovered:
D:1:      lemuel_arrival_behind_the_door_small, layout_basic, minmay_hedge_maze
D:2:      layout_basic, hellmonk_ecumenical_altar_watching_god, basic_altar,
          minmay_pentomino_r4, uniq_jessica
D:3:      layout_rooms, zin_statuary, st_stairs_6

Skill      XL: |  1  2  3  4  5 |
---------------+----------------+-----
Spellcasting   | 1 2 |  2.8
Evocations     | 2 |  2.5
Staves         | 2 |  2.6
Invocations    | 1 |  1.9
Maces & Flails | |  4.1
Dodging        | |  3.2

Action                   |  1- 3 |  4- 6 || total
-------------------------+-------+-------++-------
Melee: Quarterstaff      |    63 |   171 ||   234
Armor: Robe              |    16 |    51 ||    67
Dodge: Dodged            |    44 |   163 ||   207

Table legend: (Time is in decaauts)
 A = Elapsed time spent in this place.
 B = Non-inter-level travel time spent in this place.
 C = Inter-level travel time spent in this place.
 D = Time resting spent in this place.
 E = Time spent auto-exploring this place.
 F = Levels seen in this place.
 G = Mean time per level.
                   A        B        C        D        E       F      G
               +--------+--------+--------+--------+--------+-----+--------+
         Total |   4391 |   4339 |     52 |    634 |   3151 |   3 | 1463.7 |
       Dungeon |   4391 |   4339 |     52 |    634 |   3151 |   3 | 1463.7 |
               +--------+--------+--------+--------+--------+-----+--------+

Top non-repeatable levels by time:
     D:2: 1776 daAuts
     D:3: 1481 daAuts
     D:1: 1134 daAuts
